[Event "EICC 2025"]
[Site "Eforie-Nord"]
[Date "2025.03.15"]
[Round "1.21"]
[White "Vijayakumar, Rishi"]
[Black "Suleymanli, Aydin"]
[Result "0-1"]
[Annotator "TA"]
[ECO "D45"]
[WhiteElo "2311"]
[BlackElo "2633"]
[PlyCount "142"]
[EventDate "2025.03.14"]
[EventType "swiss"]
[EventCountry "ROU"]
[SourceTitle "playchess.com"]
[Source "ChessBase"]
[SourceQuality "1"]
[TimeControl "40/5400+30:1800+30"]

1. d4 Nf6 2. c4 e6 3. Nf3 d5 4. Nc3 c6 5. e3 Nbd7 6. Qc2 Bd6 7. g4 h6 8. Bd2 {[%emt 0:00:28] Recently 8.g5 got a lot of attention.} dxc4 {[%emt 0:00:15] D45: Semi-Slav: 5 e3.} 9. Bxc4 b5 $1 10. Be2 Bb7 $1 {[%emt 0:00:29][%cal Oa7a6] Black has an edge.} 11. e4 Be7 12. e5 b4 $1 13. exf6 bxc3 14. bxc3 Nxf6 15. Rb1 Rb8 16. c4 c5 (16... Nxg4 17. Rg1 h5 18. h3 $16) 17. Qa4+ $1 Nd7 18. O-O O-O 19. Bf4 Bxf3 (19... Be4 {looks sharper.} 20. Rxb8 Nxb8 21. Rd1 Qc8) 20. Rxb8 Nxb8 21. Bxf3 Qxd4 $146 ({Predecessor:} 21... Bd6 22. Bxd6 Qxd6 23. dxc5 Qxc5 24. Rd1 Qc7 25. h3 Rc8 26. Be4 g6 27. Qc2 Kg7 {½-½ Hartl,H (2483)-Bubir,A (2460) LSS WC-2010-F-00001}) 22. Bc7 {[%emt 0:07:08] This pair of bishops is nice.} ({White should play} 22. Bg3 $11) 22... Bh4 $36 {[%emt 0:04:28][%mdl 2048] White is under pressure.} 23. Qxa7 Nd7 24. Qa6 Ne5 25. Bxe5 Qxe5 26. Qc6 {[%emt 0:06:12] White is weak on the dark squares} Rd8 27. a4 g6 28. Qe4 Qc3 29. Be2 Rd4 {[%emt 0:03:16] Black has more active pieces.} 30. Qe3 Qxe3 31. fxe3 $17 {[%emt 0:00:01][%mdl 4096] Endgame KRB-KRB} Rd2 32. Bf3 Bg5 33. Re1 Rc2 34. Bc6 Rxc4 35. a5 {[%emt 0:00:01] Hoping for a6.} Rc3 (35... Rxg4+ $6 36. Kf2 Bd8 (36... Bh4+ 37. Kf3 $16) 37. Ra1 $11) 36. a6 (36. Ra1 $1 $15) 36... Ra3 $1 (36... Rxe3 $2 37. Ra1 $18) (36... Bxe3+ 37. Kf1 c4 38. Rxe3 Rxe3 39. a7 $11) 37. Bb7 (37. Bb5 $1 $15) 37... c4 (37... Rxe3 $2 38. Ra1 $18) (37... Bxe3+ 38. Rxe3 Rxe3 39. a7 $16) (37... Kf8 $17 38. Kf1 Bf6 (38... Rxe3 $2 39. Rxe3 Bxe3 40. a7 $18)) 38. Kf1 $15 Ra2 (38... Rxe3 $2 39. Ra1 $18 (39. a7 Ra3 $18)) (38... Bxe3 39. Rxe3 Rxe3 40. a7 $18) 39. Re2 Ra1+ 40. Kf2 Ra3 41. Kf3 f5 42. gxf5 gxf5 43. Rc2 $1 Bxe3 44. Rxc4 e5 45. Bc8 Bd4+ 46. Kg2 {[%emt 0:01:23] [#]} f4 $1 47. Bb7 Kg7 48. Be4 Rxa6 49. Rc7+ Kf8 50. Kf3 Ra3+ 51. Kg4 $2 {[%emt 0:00:22] [#] This costs White the game.} (51. Kg2 $17) 51... f3 $1 $19 52. Rc8+ (52. Rc1 f2) 52... Ke7 53. Rc7+ Kd8 54. Rf7 f2 55. h4 Ra1 56. Bd3 e4 57. Bb5 {[%emt 0:00:19] [#]} (57. Bc4) 57... h5+ $1 58. Kh3 Rh1+ 59. Kg2 Rg1+ ({And not} 59... Rxh4 60. Rd7+ Kc8 61. Rxd4 $11) 60. Kh3 Be5 {[%emt 0:01:09] White must now prevent ...Rg3+.} 61. Rxf2 Rg3+ 62. Kh2 Rb3+ 63. Kg2 Rxb5 {[%emt 0:00:08] KRB-KR} 64. Rf5 Ke7 65. Rxh5 Ke6 66. Rg5 Rb2+ 67. Kf1 e3 {[%emt 0:00:14] ( -> ...e2+)} 68. Rg4 Rf2+ {[%emt 0:00:28] Black mates.} 69. Kg1 Bh2+ 70. Kh1 e2 71. Re4+ Be5 {[%emt 0:00:13] Weighted Error Value: White=0.24 (precise) /Black=0.06 (flawless)   Mistake:       	White=5     	Black=1      Inaccurate:     	White=6     	Black=1      OK:         	White=19    	Black=21     Best:        	White=1     	Black=4      Strong:       	White=2     	Black=5      Brilliant:      	---       	Black=1} (71... Kd5 $142 72. Re3 Kd4 73. Rxe2 Rxe2 74. h5 Ke4 75. h6 Kf3 (75... Bf4 {gets mated.} 76. Kg1 Kf3 77. Kf1 Bg3 78. h7 Re1#) 76. h7 Bg3 77. h8=Q Re1#) 0-1

[Event "EICC 2025"]
[Site "Eforie-Nord"]
[Date "2025.03.15"]
[Round "1.22"]
[White "Hovhannisyan, Robert"]
[Black "Fruebing, Stefan"]
[Result "1-0"]
[Annotator "TA"]
[ECO "C67"]
[WhiteElo "2630"]
[BlackElo "2310"]
[PlyCount "69"]
[EventDate "2025.03.14"]
[EventType "swiss"]
[EventCountry "ROU"]
[SourceTitle "playchess.com"]
[Source "ChessBase"]
[SourceQuality "1"]
[TimeControl "40/5400+30:1800+30"]

1. e4 e5 2. Nf3 Nc6 3. Bb5 Nf6 4. O-O Nxe4 5. d4 Nd6 6. Bxc6 dxc6 7. dxe5 Nf5 8. Qxd8+ Kxd8 9. Rd1+ Ke8 10. Nc3 Be7 11. g4 Nh4 12. Nxh4 Bxh4 13. h3 h5 {[%emt 0:02:25] C67: Ruy Lopez: Berlin Defence: 4 0-0 Nxe4.} 14. f3 Be6 15. Ne2 Bd7 {[%emt 0:29:16] The position is equal.} 16. Kg2 $146 (16. Nf4 hxg4 17. hxg4 Rd8 18. Kg2 Bc8 19. Be3 b6 20. Rh1 g5 21. Nh5 c5 22. Ng7+ {½-½ Cetin,E-Muchtakova,V ICCF FM/3881 2023}) 16... a5 17. a4 Rd8 18. Be3 Bc8 19. b3 b6 20. Nd4 Bd7 21. Bf4 Rc8 22. Rd3 c5 23. Nf5 Bxf5 24. gxf5 Ke7 (24... Rd8 $142) 25. Rad1 $16 {[%emt 0:03:02] White is more active.} Rhd8 26. Bg3 Bg5 $2 {[%emt 0:08:18] [#] A mistake that costs the game.} (26... Bxg3 $16 {is a better defense.} 27. f6+ (27. Kxg3 Rxd3 28. Rxd3 g5 $16) 27... gxf6 28. exf6+ (28. Kxg3 h4+ 29. Kxh4 Rg8 $17) (28. Rxd8 Rxd8 29. exf6+ Ke8 $11) 28... Ke8 29. Kxg3 c4 30. Re1+ (30. bxc4 Rd6 $18) 30... Kf8 31. bxc4 Rd6) 27. f4 $1 $18 (27. h4 Rxd3 28. Rxd3 Bc1 $16) 27... Rxd3 28. Rxd3 {[%emt 0:00:07][%mdl 4096] Endgame KRB-KRB} ({Weaker is} 28. cxd3 Bh6 $16) 28... Bh6 29. Bh4+ f6 30. Kf3 Re8 $2 {[%emt 0:03:35] [#]} (30... c6 31. Rd6 c4) 31. exf6+ {[%emt 0:01:36] White is clearly winning.} gxf6 32. Re3+ Kf7 33. Rxe8 Kxe8 34. Bxf6 c6 35. c4 {[%emt 0:01:28] Weighted Error Value: White=0.03 (flawless) /Black=0.51  Loses game:     	---       	Black=1      Mistake:       	---       	Black=2      Inaccurate:     	---       	Black=3      OK:         	White=10    	Black=5      Best:        	White=1     	---        Strong:       	White=1     	---} 1-0

[Event "EICC 2025"]
[Site "Eforie-Nord"]
[Date "2025.03.15"]
[Round "1.22"]
[White "Gales, Randi-Ioan"]
[Black "Gavrilescu, David"]
[Result "1/2-1/2"]
[Annotator "ChessBase"]
[ECO "E51"]
[WhiteElo "2215"]
[BlackElo "2549"]
[PlyCount "96"]
[EventDate "2025.03.14"]
[EventType "swiss"]
[EventCountry "ROU"]
[SourceTitle "playchess.com"]
[Source "ChessBase"]
[SourceQuality "1"]
[TimeControl "40/5400+30:1800+30"]

1. d4 Nf6 2. c4 e6 3. Nc3 Bb4 4. e3 O-O 5. Bd2 d5 6. Nf3 b6 7. cxd5 exd5 8. Bd3 c5 9. h3 Nc6 10. a3 Bxc3 11. Bxc3 c4 12. Bc2 Ne4 13. Bxe4 dxe4 14. Ne5 Nxe5 15. dxe5 Qg5 16. Qc2 Qxg2 17. O-O-O Be6 18. Rhg1 Qf3 19. Rg3 Qh5 20. Qxe4 Rfd8 21. Rdg1 g6 22. Rg5 Qe2 23. f4 Rac8 24. f5 Bd5 25. Qf4 Bf3 26. Bd4 c3 27. bxc3 Qd3 28. fxg6 fxg6 29. e6 Rxc3+ 30. Bxc3 Qxc3+ 31. Kb1 Qd3+ 32. Ka1 Qc3+ 33. Kb1 Qb3+ 34. Ka1 Qc3+ 35. Kb1 Qb3+ 36. Ka1 Qxa3+ 37. Kb1 Qb3+ 38. Ka1 Qc3+ 39. Kb1 Qd3+ 40. Kb2 Qd2+ 41. Kb1 Qd3+ 42. Kb2 Qe2+ 43. Kb1 Rd1+ 44. Rxd1 Qxd1+ 45. Kb2 Qd2+ 46. Kb1 Qd1+ 47. Kb2 Qd2+ 48. Kb1 Qd1+ 1/2-1/2

[Event "EICC 2025"]
[Site "Eforie-Nord"]
[Date "2025.03.15"]
[Round "1.23"]
[White "Petkov, Momchil"]
[Black "Lehaci, Miruna-Daria"]
[Result "1-0"]
[Annotator "ChessBase"]
[ECO "B29"]
[WhiteElo "2547"]
[BlackElo "2212"]
[PlyCount "81"]
[EventDate "2025.03.14"]
[EventType "swiss"]
[EventCountry "ROU"]
[SourceTitle "playchess.com"]
[Source "ChessBase"]
[SourceQuality "1"]
[TimeControl "40/5400+30:1800+30"]

1. e4 c5 2. Nf3 Nf6 3. e5 Nd5 4. Nc3 e6 5. Ne4 f5 6. Nc3 Nb4 7. a3 N4c6 8. b4 d5 9. exd6 Bxd6 10. Bc4 Nd4 11. Nb5 Be7 12. Nbxd4 cxd4 13. O-O Qd6 14. Re1 Bf6 15. Ng5 Bxg5 16. Qh5+ g6 17. Qxg5 Kf7 18. d3 Nc6 19. b5 Na5 20. Ba2 h6 21. Qh4 Qd8 22. Qf4 a6 23. Bb2 axb5 24. Bxd4 Rh7 25. Qe5 Ra6 26. Rab1 Qe7 27. Bc5 Qd7 28. Qf4 Kg8 29. Re5 Qc7 30. Rbe1 Kh8 31. Qd4 Rg7 32. Qh4 Kh7 33. Bf8 g5 34. Qh3 Rg6 35. Rxb5 Qxc2 36. Rc5 Qd2 37. Rc7+ Kg8 38. Bb4 Qxa2 39. Rxc8+ Kh7 40. Bc3 Rg7 41. Rh8+ 1-0

[Event "EICC 2025"]
[Site "Eforie-Nord"]
[Date "2025.03.15"]
[Round "1.23"]
[White "Smolik, Jachym"]
[Black "Chigaev, Maksim"]
[Result "0-1"]
[Annotator "TA"]
[ECO "A16"]
[WhiteElo "2308"]
[BlackElo "2629"]
[PlyCount "85"]
[EventDate "2025.03.14"]
[EventType "swiss"]
[EventCountry "ROU"]
[SourceTitle "playchess.com"]
[Source "ChessBase"]
[SourceQuality "1"]
[TimeControl "40/5400+30:1800+30"]

1. Nf3 Nf6 2. c4 g6 3. Nc3 Bg7 4. g3 b6 5. Bg2 Bb7 6. d4 {[%emt 0:03:02] A16: English Opening: 1...Nf6 with ...d5.} Ne4 7. Nxe4 Bxe4 8. Be3 {[%emt 0:05:33] The position is equal.} d6 9. Qd2 h6 $146 (9... Nd7 10. Bh6 Bxh6 11. Qxh6 e6 12. O-O Qe7 13. Rac1 a5 14. Rc3 Rd8 15. Re1 Bxf3 16. exf3 {½-½ Agdestein,S (2588)-Tiviakov,S (2686) Remco Heite Wolvega 2008 (1)}) 10. O-O e6 11. Rac1 Nd7 12. Rfd1 Nf6 13. h3 a5 14. b3 Qb8 15. a3 Qb7 16. Bf1 Rd8 17. Ne1 Qc8 18. f3 Bb7 19. b4 axb4 20. axb4 Qb8 21. Bf2 O-O 22. b5 e5 23. dxe5 (23. d5 $14) 23... dxe5 $11 24. Qc2 e4 25. c5 Rxd1 26. Rxd1 bxc5 27. Qxc5 Re8 28. g4 Qa8 29. Qxc7 Nd5 ({But not} 29... exf3 30. exf3 Nd5 31. Qc4 $11) 30. Qc5 e3 31. Bg3 Rc8 32. Qd6 Nc3 33. Rd3 Nxb5 34. Qe7 Re8 $36 {[%emt 0:01:06][%mdl 2048] White is under pressure.} 35. Qb4 Ba6 36. Kh2 Qc8 {[%emt 0:00:39] and ...Nc3 should not be overlooked} 37. Qa5 {[%emt 0:00:32] [#] White does not recover from this.} (37. Rd5 $15 Qb7 38. Rd3) 37... Nd4 38. Ra3 Bxe2 39. Bxe2 Nxe2 40. Bd6 (40. Qc7) 40... Nd4 41. Qd5 $2 {[%emt 0:02:33] [#]} (41. Qa4 Kh7 42. Ra2) 41... Qc1 $19 42. Ra7 Qd2+ ({And not} 42... Qxe1 43. Qxf7+ Kh8 44. Qxg7#) 43. Ng2 {[%emt 0:00:06] Weighted Error Value: White=0.52/Black=0.35  Loses game:     	White=1     	---        Mistake:       	White=3     	---        Inaccurate:     	White=4     	Black=5      OK:         	White=10    	Black=16     Best:        	White=2     	---} 0-1

[Event "EICC 2025"]
[Site "Eforie-Nord"]
[Date "2025.03.15"]
[Round "1.24"]
[White "Ponomariov, Ruslan"]
[Black "Suleymanli, Suleyman"]
[Result "1-0"]
[Annotator "TA"]
[ECO "C11"]
[WhiteElo "2628"]
[BlackElo "2305"]
[PlyCount "71"]
[EventDate "2025.03.14"]
[EventType "swiss"]
[EventCountry "ROU"]
[SourceTitle "playchess.com"]
[Source "ChessBase"]
[SourceQuality "1"]
[TimeControl "40/5400+30:1800+30"]

1. e4 e6 2. d4 d5 3. Nc3 Nf6 4. e5 Nfd7 5. f4 c5 6. Nf3 Nc6 7. Be3 a6 8. Qd2 b5 9. h4 cxd4 {[%emt 0:05:20] C11: French: Classical System: 4 e5 and 4 Bg5 dxe4.} 10. Nxd4 Nxd4 11. Bxd4 Bc5 {[%emt 0:14:48] The position is equal.} 12. h5 h6 $146 (12... Qb6 13. O-O-O O-O 14. Bxc5 Nxc5 15. f5 Qc7 16. Re1 exf5 17. h6 g6 18. Nxd5 Qd8 {1-0 Nakamura,H (2701)-Akobian,V (2612) USA-ch Saint Louis 2009 (7)}) 13. O-O-O Qa5 14. Kb1 Bxd4 15. Qxd4 b4 16. Ne2 Qc5 17. Qd2 a5 {[%emt 0:00:49] [#]} ({Black should try} 17... Qb6 $14) 18. Nd4 $1 $16 O-O (18... Rb8 $16 19. g4 a4) 19. g4 $18 a4 {[%emt 0:07:32] [#]} (19... Qe7 $16 20. Rg1 Kh8) 20. g5 $1 hxg5 21. Rg1 f6 {[%emt 0:10:01] [#]} (21... b3 {keeps fighting.}) 22. Bd3 $1 a3 (22... Qb6 23. exf6) 23. Nxe6 Qa7 {[%emt 0:00:49][%cal Oa3b2] and ...axb2! would now be decisive} 24. Nxf8 (24. fxg5 axb2 $15) ({Weaker is} 24. Qxb4 Re8 $18) 24... Nxf8 25. b3 (25. fxg5 $2 {is the wrong capture.} axb2 $19) (25. Qxb4 Rb8 26. Bb5 Bd7 $18) 25... f5 (25... Qe7 $142 26. fxg5 Qxe5) 26. Rxg5 Ne6 27. Rxf5 Qd4 28. Qc1 Qc3 {[%emt 0:00:48] [#]} 29. h6 $1 Ra7 (29... Bd7 30. hxg7) 30. Rg1 Qd4 31. Rf6 {[%emt 0:02:31] And now Bf5 would win.} Kh8 32. hxg7+ Rxg7 33. Bg6 {[%emt 0:01:42] Intending f5 and mate.} Bd7 34. f5 {[%emt 0:01:20] White mates.} Nf4 35. Rf8+ Rg8 36. Rh1+ {[%emt 0:00:10] Black did not feel at home in the position after the opening.   Weighted Error Value: White=0.04 (flawless) /Black=1.79  Mistake:       	---       	Black=5      Inaccurate:     	---       	Black=2      OK:         	White=8     	Black=1      Best:        	White=2     	---        Strong:       	White=2     	---} 1-0

[Event "EICC 2025"]
[Site "Eforie-Nord"]
[Date "2025.03.15"]
[Round "1.24"]
[White "Demirtas, Alper"]
[Black "Dragnev, Valentin"]
[Result "1/2-1/2"]
[Annotator "ChessBase"]
[ECO "E06"]
[WhiteElo "2207"]
[BlackElo "2545"]
[PlyCount "59"]
[EventDate "2025.03.14"]
[EventType "swiss"]
[EventCountry "ROU"]
[SourceTitle "playchess.com"]
[Source "ChessBase"]
[SourceQuality "1"]
[TimeControl "40/5400+30:1800+30"]

1. Nf3 d5 2. d4 Nf6 3. c4 e6 4. g3 c6 5. Bg2 Be7 6. O-O O-O 7. Qc2 b6 8. Ne5 Nfd7 9. Nd3 Nf6 10. b3 Bb7 11. Ba3 Nbd7 12. Bxe7 Qxe7 13. Nd2 Rfd8 14. Rfd1 Rac8 15. Qb2 c5 16. Qa3 Rc7 17. Rac1 h5 18. e3 h4 19. dxc5 bxc5 20. Qa5 Rdc8 21. cxd5 exd5 22. Nf3 h3 23. Bh1 Ng4 24. Nf4 Qf6 25. Qc3 d4 26. exd4 g5 27. Nxh3 cxd4 28. Qd2 Rxc1 29. Rxc1 Rxc1+ 30. Qxc1 1/2-1/2

[Event "EICC 2025"]
[Site "Eforie-Nord"]
[Date "2025.03.15"]
[Round "1.25"]
[White "Sokolovsky, Yahli"]
[Black "Yalcinkaya, Efe"]
[Result "1-0"]
[Annotator "ChessBase"]
[ECO "B11"]
[WhiteElo "2545"]
[BlackElo "2207"]
[PlyCount "85"]
[EventDate "2025.03.14"]
[EventType "swiss"]
[EventCountry "ROU"]
[SourceTitle "playchess.com"]
[Source "ChessBase"]
[SourceQuality "1"]
[TimeControl "40/5400+30:1800+30"]

1. e4 c6 2. Nc3 d5 3. Nf3 dxe4 4. Nxe4 Nf6 5. Qe2 Nxe4 6. Qxe4 Be6 7. b3 Nd7 8. Bb2 Nf6 9. Qe5 Bg4 10. Qg3 Bxf3 11. Qxf3 e6 12. O-O-O Qa5 13. Kb1 O-O-O 14. Bd3 Be7 15. Rhe1 Rd7 16. Re5 Rd5 17. Qg3 Rxe5 18. Qxe5 Qxe5 19. Bxe5 Ng4 20. Bg3 h5 21. h4 Kd7 22. f3 Nf6 23. Bf2 a6 24. c3 Rg8 25. Kc2 Nd5 26. g3 f5 27. Rg1 g5 28. hxg5 Rxg5 29. f4 Rg6 30. Be2 h4 31. c4 Nb4+ 32. Kb2 c5 33. gxh4 Rxg1 34. Bxg1 Nc6 35. Bf3 b6 36. Bxc6+ Kxc6 37. h5 Bf6+ 38. Kc2 e5 39. fxe5 Bxe5 40. h6 a5 41. h7 Kd7 42. d4 cxd4 43. Kd3 1-0

[Event "EICC 2025"]
[Site "Eforie-Nord"]
[Date "2025.03.15"]
[Round "1.25"]
[White "Kochavi, Dana"]
[Black "Sargissian, Gabriel"]
[Result "0-1"]
[Annotator "TA"]
[ECO "B11"]
[WhiteElo "2301"]
[BlackElo "2628"]
[PlyCount "88"]
[EventDate "2025.03.14"]
[EventType "swiss"]
[EventCountry "ROU"]
[SourceTitle "playchess.com"]
[Source "ChessBase"]
[SourceQuality "1"]
[TimeControl "40/5400+30:1800+30"]

1. e4 c6 2. Nc3 d5 3. Nf3 Bg4 4. d4 e6 5. Be2 Nd7 6. O-O {[%emt 0:00:25] B11: Caro-Kann: Two Knights Variation.} dxe4 7. Nxe4 Ngf6 8. Ng3 (8. h3 $14 {feels stronger.} Bh5 9. Nxf6+ Nxf6 10. c3) 8... Bd6 $11 9. h3 Bxf3 10. Bxf3 Qc7 11. Ne2 O-O 12. b3 $146 ({Predecessor:} 12. c4 e5 13. Nc3 exd4 14. Qxd4 Be5 15. Qh4 Rfe8 16. Be3 Bxc3 17. bxc3 Ne5 18. Be2 {½-½ Kosteniuk,A (2516)-Bilan,D (2303) Titled Tuesday intern op 14th Dec blitz 2021 (3)}) 12... Rad8 13. g3 e5 14. Bb2 Rfe8 15. c4 {[%emt 0:11:34] Black converts the advantage convincingly.} (15. Qc1 $11) 15... exd4 $17 16. Nxd4 {[%emt 0:01:04] [#]} (16. Bxd4 $17 {is a better defense.} Ne5 17. Bg2) 16... Ne5 $1 $19 17. Qe2 Nxf3+ 18. Qxf3 {[%emt 0:00:05] [#]} Be5 $1 19. Rad1 Qb6 20. c5 Qxc5 21. Ne6 fxe6 (21... Rxe6 $2 {is the wrong capture.} 22. Rxd8+ Ne8 23. Bxe5 Qxe5 24. Rfd1 $18) 22. b4 Qb5 (22... Qxb4 23. Bxe5 Qe4 24. Qc3 $17) 23. a4 {[%emt 0:00:10] [#]} Qxf1+ 24. Rxf1 (24. Kxf1 Rxd1+) 24... Bxb2 25. b5 Nd5 26. bxc6 bxc6 27. Qe2 Bd4 28. Re1 Re7 29. Kh1 c5 30. Rc1 Rb8 31. Rc2 g6 32. h4 Nf6 33. Kg2 Kg7 34. a5 e5 35. a6 e4 {[%emt 0:00:25] Black is clearly winning.} 36. Qd1 e3 37. fxe3 Rxe3 {[%emt 0:02:29] White must now prevent ...Rbb3.} 38. Kh3 Ne4 39. Rg2 {[%emt 0:00:31] [#]} Rxg3+ $1 40. Kh2 (40. Rxg3 Nf2+) 40... Rxg2+ 41. Kxg2 Rb2+ 42. Kf3 Nc3 43. Qe1 Re2 44. Qg3 Re3+ {[%emt 0:00:28] Weighted Error Value: White=1.06/Black=0.43  Mistake:       	White=3     	---        Inaccurate:     	White=4     	---        OK:         	White=5     	Black=21     Best:        	White=2     	Black=1      Strong:       	---       	Black=2      Brilliant:      	---       	Black=1} 0-1

[Event "EICC 2025"]
[Site "Eforie-Nord"]
[Date "2025.03.15"]
[Round "1.26"]
[White "Volokitin, Andrei"]
[Black "Filip, Andrei"]
[Result "1-0"]
[Annotator "TA"]
[ECO "C42"]
[WhiteElo "2628"]
[BlackElo "2300"]
[PlyCount "79"]
[EventDate "2025.03.14"]
[EventType "swiss"]
[EventCountry "ROU"]
[SourceTitle "playchess.com"]
[Source "ChessBase"]
[SourceQuality "1"]
[TimeControl "40/5400+30:1800+30"]

1. e4 e5 2. Nf3 Nf6 3. Nxe5 d6 4. Nf3 Nxe4 5. d4 d5 6. Bd3 Bd6 7. O-O O-O 8. c4 c6 9. Re1 Bf5 10. Qb3 Qd7 {[%emt 0:00:19] A sharp opening C42: Petroff Defence: 3 Nxe5 and unusual White 3rd moves.} 11. Be3 Na6 12. cxd5 cxd5 {[%emt 0:00:33] The position is equal.} 13. a3 {[%emt 0:00:15] The position is symmetric and equal} Rac8 $146 (13... Nc7 14. Bf1 Rae8 15. Nbd2 a6 16. Nxe4 Bxe4 17. Ne5 Bxe5 18. dxe5 d4 19. Rad1 Ne6 20. Bxd4 Nxd4 {½-½ Aronian,L (2782)-Erigaisi,A (2627) Tata Steel India Rapid 2021 (9)}) 14. Bb5 Qd8 15. Nc3 Nxc3 16. bxc3 h6 17. g3 Nc7 18. Bf1 b6 19. a4 Re8 20. a5 b5 21. a6 Rb8 22. Ne5 Rb6 {[%emt 0:01:17][%cal Od8c8] Inhibits Nc6.} 23. Nd3 $1 Nxa6 (23... Qf6 $11 {remains equal.}) 24. Qxd5 $16 Be4 25. Qb3 Bb8 26. Bd2 ({Better is} 26. Nf4 $16 {d5 would now be deadly.} Nc7 27. d5) 26... Nc7 {[%emt 0:02:42] Inhibits d5.} 27. Bf4 Bd5 28. Qa3 (28. Bxc7 {simplifies} Bxb3 29. Bxd8 Rxd8 30. Bg2) 28... Rxe1 $1 29. Rxe1 Ne6 $1 30. Bxb8 Qxb8 31. h4 Ba8 32. Nc5 {[%emt 0:01:09] Inhibits Qb7.} b4 33. Qb3 Nxc5 $2 {[%emt 0:01:23] [#]} (33... Qc8 $11 {and Black has nothing to worry.} 34. Bd3 (34. cxb4 $2 Nxd4 35. Qe3 Nf3+ $19) (34. Nxe6 bxc3 35. Qc4 Qxc4 $17) 34... Nf4 35. cxb4 (35. gxf4 Qg4+ 36. Kf1 Bg2+ 37. Kg1 Bh3+ 38. Kh2 Qg2#) 35... Nh3+ 36. Kf1 Rf6) 34. dxc5 $18 Rg6 (34... Rf6 $142 35. cxb4 Rf3) 35. cxb4 (35. Qxb4 $2 {too greedy.} Rxg3+ $19) 35... Qb7 (35... a6 36. Re7 Rf6) 36. Re8+ Kh7 {[%emt 0:00:04][%csl Ga8][%cal Rb7h1] [#] A mistake that costs the game.} 37. Rxa8 $1 {[%emt 0:00:18][%mdl 512] White is clearly winning.} Qxa8 38. Bd3 ({Not} 38. Qxf7 Rf6 39. Qc4 Kh8 $18) 38... Kh8 39. Bxg6 fxg6 40. Qe6 {[%emt 0:00:29] Weighted Error Value: White=0.12 (very precise) /Black=0.45  Loses game:     	---       	Black=2      Mistake:       	White=1     	Black=3      Inaccurate:     	White=3     	Black=3      OK:         	White=4     	Black=9      Best:        	White=3     	Black=1      Strong:       	White=1     	Black=2} 1-0

[Event "EICC 2025"]
[Site "Eforie-Nord"]
[Date "2025.03.15"]
[Round "1.26"]
[White "Oliinyk, Serafym"]
[Black "Dudin, Gleb"]
[Result "0-1"]
[Annotator "ChessBase"]
[ECO "B81"]
[WhiteElo "2205"]
[BlackElo "2544"]
[PlyCount "50"]
[EventDate "2025.03.14"]
[EventType "swiss"]
[EventCountry "ROU"]
[SourceTitle "playchess.com"]
[Source "ChessBase"]
[SourceQuality "1"]
[TimeControl "40/5400+30:1800+30"]

1. e4 c5 2. Nf3 d6 3. d4 cxd4 4. Nxd4 Nf6 5. Nc3 a6 6. h3 e6 7. g4 h6 8. Be3 b5 9. a3 Bb7 10. Bg2 Nbd7 11. O-O g5 12. Re1 Ne5 13. a4 b4 14. Na2 h5 15. Bxg5 hxg4 16. hxg4 Rg8 17. Qd2 Be7 18. f3 Qc7 19. Be3 d5 20. exd5 Nxd5 21. b3 O-O-O 22. Rad1 Nxg4 23. fxg4 Rxg4 24. Nf3 Nxe3 25. Qxe3 Rxd1 0-1

[Event "EICC 2025"]
[Site "Eforie-Nord"]
[Date "2025.03.15"]
[Round "1.27"]
[White "Quparadze, Giga"]
[Black "Fishchuk, Vladyslav"]
[Result "1-0"]
[Annotator "ChessBase"]
[ECO "B31"]
[WhiteElo "2543"]
[BlackElo "2204"]
[PlyCount "85"]
[EventDate "2025.03.14"]
[EventType "swiss"]
[EventCountry "ROU"]
[SourceTitle "playchess.com"]
[Source "ChessBase"]
[SourceQuality "1"]
[TimeControl "40/5400+30:1800+30"]

1. e4 c5 2. Nf3 Nc6 3. Bb5 g6 4. Bxc6 bxc6 5. O-O Bg7 6. Re1 Qc7 7. h3 d6 8. e5 dxe5 9. d3 c4 10. Qe2 cxd3 11. cxd3 Nf6 12. Nxe5 Nd5 13. d4 O-O 14. Nc3 Bf5 15. Qc4 Nb6 16. Qc5 Nd7 17. Nxd7 Qxd7 18. Rxe7 Qxd4 19. Qxd4 Bxd4 20. Be3 Bxc3 21. bxc3 a6 22. Rd1 Rfe8 23. Rxe8+ Rxe8 24. Rd6 Rc8 25. Bh6 Be6 26. a3 a5 27. f3 Bd5 28. Kf2 Re8 29. Kg3 a4 30. Kf4 Kh8 31. h4 Kg8 32. Rd7 f6 33. Rg7+ Kh8 34. Ra7 Bb3 35. Bg7+ Kg8 36. Bxf6 Re2 37. g4 Ra2 38. Kg5 Rxa3 39. Bd4 Ra1 40. Kf6 h6 41. Ra8+ Kh7 42. Ke7 Bg8 43. Kf8 1-0